AoeStats
← Barón de la Cerveza

Arabia

504572795Analyzed
1v1 RM · 28d ago on Sep 5, 2026· 46m 34s· 2 players
Game mode
Random Map
Map size
Tiny (2 player)
Population
200
Speed
Normal
Resources
Standard
Victory
Conquest
Starting age
Dark Age
Ending age
Imperial Age
RankedLock teamsTeams togetherTeam positionsShared explorationLock speedFull tech treeHidden civsTurbo modeCheats
Victory
Defeat
🇲🇽 Sicilians · Mexico
1813
+11
🇩🇪 Persians · Germany
1711
-11
Jesse Pikeman
8:12 Feudal Age
8:39 Double-Bit Axe
9:09 Loom
19:09 Castle Age
18:08 Gold Mining
18:53 Fletching
19:15 Bloodlines
19:36 Bodkin Arrow
20:27 Padded Archer Armor
21:19 Horse Collar
22:39 Bow Saw
27:38 Leather Archer Armor
31:12 Wheelbarrow
30:36 Town Watch
34:10 Hand Cart
36:30 Imperial Age
34:43 Scale Barding Armor
36:52 Chain Barding Armor
36:31 Cavalier
37:12 Husbandry
38:39 Masonry
39:18 Plate Barding Armor
41:03 Chemistry
40:35 Architecture
42:02 Forging
43:43 Iron Casting
45:24 Blast Furnace
Barón de la Cerveza
5:52 Loom
8:57 Feudal Age
9:46 Double-Bit Axe
9:50 Town Watch
10:36 Horse Collar
18:18 Fletching
22:17 Castle Age
21:31 Padded Archer Armor
23:14 Bodkin Arrow
22:45 Crossbowman
23:26 Gold Mining
26:03 Ballistics
28:54 Bow Saw
31:32 Heavy Plow
36:28 Imperial Age
35:02 Town Patrol
35:41 Wheelbarrow
35:26 Scale Barding Armor
35:36 Leather Archer Armor
35:34 Bloodlines
36:38 Husbandry
37:15 Chain Barding Armor
36:31 Cavalier
37:19 Bracer
37:49 Conscription
38:56 Plate Barding Armor
38:32 Forging
39:40 Light Cavalry
41:02 First Crusade
41:35 Scale Mail Armor
42:10 Iron Casting
41:10 Pikeman
41:50 Squires
42:45 Halberdier
42:51 Elite Serjeant
44:07 Hoardings
44:50 Chemistry
44:01 Masonry
44:28 Chain Mail Armor
45:21 Hauberk
46:08 Plate Mail Armor
46:09 Halberdier
Connection lost

Rejoining the realm…

Still unreachable

The connection could not be restored.

Session expired

The server has moved on; the page needs a fresh start.